 Dungeon Crawl Stone Soup version 0.31-a0-1321-g5021b54cb2 (webtiles) character file.

Game seed: 6939616187127209880

33 Curundu the Slasher (level 3, -2/33 HPs)
             Began as a Minotaur Berserker on Dec 20, 2023.
             Was a Follower of Trog.
             Killed from afar by Sigmund (7 damage)
             ... with a puff of flame
             ... on level 2 of the Dungeon.
             The game lasted 00:02:59 (942 turns).

Curundu the Slasher (Minotaur Berserker)             Turns: 942, Time: 00:03:00

Health: -2/33      AC:  2    Str: 23    XL:     3   Next: 12%
Magic:  2/2        EV: 12    Int:  4    God:    Trog [*.....]
Gold:   60         SH:  0    Dex:  9    Spells: 2/2 levels left

rFire   . . .        a - +0 falchion
rCold   . . .        (no shield)
rNeg    . . .        b - +0 animal skin
rPois   .            (helmet restricted)
rElec   .            (no cloak)
rCorr   .            (no gloves)
SInv    .            (no boots)
Will    .....        (no amulet)
Stlth   +            (no ring)
HPRegen 0.25/turn    (no ring)
MPRegen 0.08/turn

%: no passive effects
@: no status effects
A: horns 2, retaliatory headbutt
a: Renounce Religion, Berserk


You were on level 2 of the Dungeon.
You worshipped Trog.
Trog was aware of your devotion.
You visited 1 branch of the dungeon, and saw 2 of its levels.

You collected 125 gold pieces.
You spent 65 gold pieces at shops.

Inventory:

Hand Weapons
 a - a +0 falchion (weapon)
Armour
 b - a +0 animal skin (worn)
Scrolls
 d - 3 scrolls of revelation {unknown}
 f - a scroll of fear {unknown}
 i - a scroll of immolation {unknown}
 k - a scroll of enchant weapon {unknown}
Potions
 c - a potion of resistance {unknown}
 e - a potion of curing {unknown}
 h - a potion of heal wounds
 j - a potion of attraction {unknown}


   Skills:
 + Level 4.2 Fighting
 + Level 4.4 Long Blades
 + Level 2.5 Armour
 + Level 2.5 Dodging


You had 2 spell levels left.
You didn't know any spells.
Your spell library was empty.

Dungeon Overview and Level Annotations

Branches:
Dungeon (2/15)

Altars:

Shops:
D:1 !

Annotations:
D:2 Sigmund


Innate Abilities, Weirdness & Mutations

You have a pair of horns on your head.
You reflexively headbutt those who attack you in melee.


Message History

There is a stone staircase leading down here.
You climb downwards.
There is a stone staircase leading up here.
Found a stone staircase leading down.
Sigmund the Dreaded comes into view.
He is wielding a +0 scythe.
No other quiver actions available for cycling.
No other quiver actions available for cycling.
Throw: 2 darts (poison)
Press: ? - help, Q - select action Shift-Dir - straight line, f - Sigmund
Aim: Sigmund, wielding a +0 scythe and wearing a +0 robe (asleep, 98% to hit)
You throw a poisoned dart. The poisoned dart hits Sigmund.
Sigmund is poisoned.
Throw: dart (poison)
Press: ? - help, Q - select action Shift-Dir - straight line, f/p - Sigmund
Aim: Sigmund, wielding a +0 scythe and wearing a +0 robe (lightly wounded, poisoned, 47% to hit)
You throw a poisoned dart.
The poisoned dart barely misses Sigmund.
Sigmund points at you and mumbles some strange words.
The puff of flame misses you.
Found 12 gold pieces.
Sigmund casts a spell at you.
You are confused.
Sigmund hits you from afar with a +0 scythe.
You bump into the rock wall.
Sigmund looks more healthy.
Sigmund casts a spell.
Sigmund flickers and vanishes!
Deactivating autopickup; reactivate with Ctrl-A.
Something hits you! Something hits you!
You feel less confused.
You closely miss something. Something barely misses you.
You miss something. Something hits you.
* * * LOW HITPOINT WARNING * * *
You completely miss something. You miss something.
Your headbutt misses something. Something hits you.
* * * LOW HITPOINT WARNING * * *
You hit something but do no damage. Your headbutt misses something.
You hear some strange, mumbled words.
A puff of flame appears from out of thin air!
The puff of flame hits you!
You die...

###.#### #......
##....(###
....?(.. ......#
.....# ## #{#..#
#.###@#..##...
#......!....#
#.#.......##.#
.#.######.###...#
.......<..#
......
.#.######.#
.$..... #...
...##.# ##.###.##
# .# .#


There were no monsters in sight!

Vanquished Creatures
  A gnoll (D:1)
  3 bats (D:1)
  3 endoplasms (D:1)
  A goblin (D:1)
  2 hobgoblins (D:1)
  2 quokkas (D:1)
  4 ball pythons (D:1)
  3 frilled lizards (D:1)
  3 kobolds (D:1)
  A rat (D:1)
23 creatures vanquished.

Notes
Turn   | Place    | Note
-------+----------+-------------------------------------------
     0 | D:1      | Curundu the Minotaur Berserker began the quest for the Orb.
     0 | D:1      | Reached XP level 1. HP: 19/19 MP: 0/0
   177 | D:1      | Reached XP level 2. HP: 25/27 MP: 1/1
   311 | D:1      | Found Qoter's Distillery.
   334 | D:1      | Bought a potion of heal wounds for 65 gold pieces
   550 | D:1      | Reached XP level 3. HP: 30/33 MP: 2/2
   925 | D:2      | Noticed Sigmund
   942 | D:2      | Killed from afar by Sigmund

Illustrated notes

Levels and vault maps discovered:
D:1:      ebering_hopf_link, layout_loops_ring, serial_shops,
          nicolae_shop_tiny_waterfront
D:2:      layout_loops_ring, uniq_robin, uniq_terence, uniq_sigmund

Skill      XL: |  1  2 |
---------------+-------+-----
Long Blades    | 4 |  4.4
Fighting       | 4 |  4.2
Armour         | |  2.5
Dodging        | |  2.5

Action                     || total
---------------------------++-------
  Melee: Falchion          ||    55
         Headbutt          ||     6
  Throw: Dart              ||     2
 Armour: Animal skin       ||    35
  Dodge: Dodged            ||    32

Table legend: (Time is in decaauts)
 A = Elapsed time spent in this place.
 B = Non-inter-level travel time spent in this place.
 C = Inter-level travel time spent in this place.
 D = Time resting spent in this place.
 E = Time spent auto-exploring this place.
 F = Levels seen in this place.
 G = Mean time per level.
                   A        B        C        D        E       F      G
               +--------+--------+--------+--------+--------+-----+--------+
         Total |    947 |    947 |      0 |      0 |    633 |   2 |  473.5 |
       Dungeon |    947 |    947 |      0 |      0 |    633 |   2 |  473.5 |
               +--------+--------+--------+--------+--------+-----+--------+

Top non-repeatable levels by time:
     D:1: 925 daAuts
     D:2: 21 daAuts
